AoeStats
← Samurai

Arabia

507896476Analyzed
3v3 RM · 13d ago on Sep 20, 2026· 82m 34s· 6 players
Game mode
Random Map
Map size
Normal (6 player)
Population
200
Speed
Normal
Resources
Standard
Victory
Conquest
Starting age
Dark Age
Ending age
Imperial Age
RankedLock teamsTeams togetherTeam positionsShared explorationLock speedFull tech treeHidden civsTurbo modeCheats
Victory
Defeat
🇦🇷 Armenians · Argentina
736
+16
🇦🇷 Huns · Argentina
727
+16
🇦🇷 Magyars · Argentina
726
+16
🇨🇳 Japanese · China
772
-22
🇺🇸 Franks · United States
707
-15
🇺🇸 Hindustanis · United States
703
-15
Samurai
8:39 Loom
11:19 Feudal Age
12:01 Double-Bit Axe
12:18 Horse Collar
15:28 Gold Mining
18:20 Man-at-Arms
19:57 Long Swordsman
21:41 Forging
28:11 Castle Age
26:52 Fletching
27:26 Scale Mail Armor
27:26 Stone Mining
30:03 Two-Handed Swordsman
33:37 Murder Holes
33:54 Bodkin Arrow
36:54 Gold Shaft Mining
36:31 Bow Saw
37:16 Wheelbarrow
39:31 Padded Archer Armor
40:08 Iron Casting
39:49 Chain Mail Armor
40:41 Siphons
41:05 Ballistics
44:43 Imperial Age
45:51 Conscription
47:47 Light Cavalry
48:38 Bloodlines
48:33 Husbandry
50:32 Chemistry
53:17 Fervor
53:18 Caravan
54:02 Elite Composite Bowman
54:56 Fereters
55:29 Hoardings
57:40 Hand Cart
57:11 Town Watch
57:33 Bracer
57:49 Leather Archer Armor
57:49 Capped Ram
58:52 Town Patrol
64:23 Guilds
66:06 Heavy Plow
67:10 Cavalier
69:30 Heavy Scorpion
70:28 Siege Ram
72:57 Ring Archer Armor
72:58 Plate Mail Armor
73:29 Blast Furnace
72:38 Scale Barding Armor
78:36 Spies/Treason
81:39 Chain Barding Armor
80:47 Cavalier
81:37 Cilician Fleet
81:02 Sappers
--MT--
0:58 Loom
12:40 Feudal Age
13:58 Wheelbarrow
13:46 Town Watch
15:05 Double-Bit Axe
15:04 Horse Collar
15:16 Gold Mining
18:37 Man-at-Arms
29:50 Castle Age
30:49 Hand Cart
30:52 Bow Saw
32:16 Crossbowman
33:52 Murder Holes
34:10 Stone Mining
34:25 Town Patrol
37:03 Fletching
37:14 Padded Archer Armor
37:20 Scale Barding Armor
38:00 Ballistics
37:21 Pikeman
42:01 Squires
41:48 Arson
43:43 Forging
43:34 Scale Mail Armor
43:56 Chain Barding Armor
44:49 Marauders
46:36 Husbandry
46:46 Bloodlines
51:45 Imperial Age
51:52 Elite Tarkan
52:56 Conscription
53:39 Cavalier
55:42 Caravan
56:12 Coinage
55:53 Guilds
59:22 Paladin
60:27 Heavy Plow
60:38 Thumb Ring
61:13 Plate Barding Armor
62:22 Two-Man Saw
62:47 Capped Ram
63:00 Long Swordsman
64:34 Banking
65:51 Chemistry
66:05 Siege Ram
66:09 Two-Handed Swordsman
71:01 Halberdier
73:33 Light Cavalry
79:15 Atheism
78:25 Sappers
79:41 Iron Casting
79:22 Chain Mail Armor
79:03 Bodkin Arrow
79:24 Leather Archer Armor
78:32 Elite Skirmisher
79:31 Masonry
79:50 Hussar
82:02 Heavy Cavalry Archer
83:09 Parthian Tactics
82:50 Thumb Ring
83:46 Blast Furnace
82:47 Bracer
fitotolaba
1:59 Loom
12:17 Feudal Age
12:57 Double-Bit Axe
13:07 Horse Collar
14:26 Man-at-Arms
20:11 Scale Barding Armor
21:59 Bloodlines
23:30 Wheelbarrow
27:17 Castle Age
27:41 Light Cavalry
28:17 Pikeman
30:17 Scale Mail Armor
30:41 Chain Barding Armor
32:47 Scale Mail Armor
32:50 Padded Archer Armor
32:43 Fletching
35:17 Town Watch
35:46 Husbandry
37:17 Stone Mining
37:17 Gold Mining
37:45 Bow Saw
38:13 Treadmill Crane
39:30 Masonry
40:05 Gold Shaft Mining
40:12 Caravan
40:56 Bodkin Arrow
42:08 Corvinian Army
46:59 Imperial Age
44:48 Hand Cart
45:40 Arson
47:00 Heavy Plow
47:07 Scale Mail Armor
47:02 Cavalier
48:09 Conscription
47:15 Elite Magyar Huszar
50:03 Plate Barding Armor
49:30 Town Patrol
50:35 Chemistry
52:37 Paladin
52:48 Capped Ram
60:45 Hussar
61:29 Halberdier
62:00 Elite Skirmisher
64:11 Two-Man Saw
63:44 Crop Rotation
63:23 Bracer
63:26 Padded Archer Armor
69:05 Crossbowman
69:51 Thumb Ring
72:05 Heavy Scorpion
74:46 Thumb Ring
74:24 Arbalester
76:51 Fervor
78:27 Spies/Treason
Gehoee31
0:27 Loom
12:27 Feudal Age
18:22 Arson
20:16 Man-at-Arms
40:01 Castle Age
39:11 Fletching
40:47 Long Swordsman
43:00 Squires
45:02 Double-Bit Axe
49:17 Light Cavalry
52:37 Scale Mail Armor
53:15 Gold Mining
54:02 Pikeman
63:38 Scale Barding Armor
63:47 Caravan
66:49 Bow Saw
68:09 Husbandry
68:34 Forging
Bonging Dro
0:34 Loom
14:31 Feudal Age
16:31 Wheelbarrow
17:08 Horse Collar
18:20 Stone Mining
19:40 Double-Bit Axe
20:54 Man-at-Arms
24:56 Castle Age
24:57 Long Swordsman
25:09 Elite Skirmisher
26:25 Pikeman
29:21 Gold Mining
37:19 Stone Shaft Mining
38:36 Bow Saw
38:38 Heavy Plow
39:28 Hand Cart
40:21 Gold Shaft Mining
45:27 Imperial Age
43:44 Coinage
43:16 Caravan
44:09 Grand Trunk Road
45:08 Scale Mail Armor
45:20 Forging
45:16 Scale Barding Armor
45:12 Padded Archer Armor
45:03 Fletching
45:31 Squires
45:16 Arson
45:46 Bloodlines
45:36 Husbandry
46:24 Chain Mail Armor
46:52 Banking
46:30 Elite Ghulam
47:32 Conscription
46:58 Two-Handed Swordsman
47:59 Thumb Ring
48:09 Shatagni
52:14 Iron Casting
51:20 Crossbowman
54:03 Two-Man Saw
54:17 Chemistry
53:18 Murder Holes
55:50 Champion
58:12 Blast Furnace
57:33 Chain Barding Armor
57:09 Bodkin Arrow
57:30 Leather Archer Armor
69:08 Heavy Camel Rider
LENS CLEANING
12:42 Feudal Age
14:25 Man-at-Arms
15:39 Horse Collar
15:46 Double-Bit Axe
16:10 Arson
22:13 Stone Mining
25:05 Castle Age
27:37 Heavy Plow
28:07 Gold Mining
40:14 Gold Shaft Mining
39:53 Bow Saw
44:14 Imperial Age
42:44 Murder Holes
44:49 Wheelbarrow
44:00 Loom
44:49 Scale Mail Armor
45:00 Forging
46:25 Chain Mail Armor
47:06 Caravan
48:40 Iron Casting
48:36 Plate Mail Armor
48:02 Elite Samurai
51:21 Capped Ram
61:51 Fortified Wall
63:20 Blast Furnace
68:44 Two-Man Saw
68:43 Scale Barding Armor
69:10 Hand Cart
68:40 Town Watch
Connection lost

Rejoining the realm…

Still unreachable

The connection could not be restored.

Session expired

The server has moved on; the page needs a fresh start.